 Dungeon Crawl Stone Soup version 0.28.0-53-g5a82cb258f (webtiles) character file.

Game seed: 9321382165231847309

29 Legadrian the Ruffian (level 3, -11/23 HPs)
             Began as a Gargoyle Fighter on July 9, 2022.
             Was a Plaything of Xom.
             Mangled by Terence
             ... wielding a +3 falchion of distortion
              (13 damage)
             ... on level 2 of the Dungeon.
             The game lasted 00:03:28 (1388 turns).

Legadrian the Ruffian (Gargoyle Fighter)            Turns: 1388, Time: 00:03:31

Health: -11/23     AC: 10    Str: 21    XL:     3   Next: 16%
Magic:  3/3        EV:  9    Int:  8    God:    Xom [..*...]
Gold:   51         SH:  4    Dex:  9    Spells: 2/2 levels left

rFire   . . .      SeeInvis .     - Unarmed
rCold   . . .      Faith    .   b - +0 buckler
rNeg    + . .      Spirit   .   a - +0 scale mail
rPois   ∞          Reflect  .   (no helmet)
rElec   +          Harm     .   (no cloak)
rCorr   .          Rampage  .   (no gloves)
Will    .....                   (no boots)
Stlth   ..........              f - amulet of the acrobat
HPRegen 0.07/turn               (no ring)
MPRegen 0.08/turn               (no ring)

@: mighty
A: sickness immunity, AC +3, negative energy resistance 1, electricity
resistance, torment resistance 1, petrification resistance
a: Renounce Religion


You were on level 2 of the Dungeon.
You worshipped Xom.
You were a toy of Xom.
You visited 1 branch of the dungeon, and saw 2 of its levels.

You collected 51 gold pieces.

Inventory:

Hand Weapons
 h - a +2 whip of pain
 k - a +0 flail of protection
Missiles
 d - 64 stones (quivered)
 e - 2 poisoned darts
 g - 13 arrows
Armour
 a - a +0 scale mail (worn)
 b - a +0 buckler (worn)
 j - a +0 leather armour
Jewellery
 f - an amulet of the acrobat (around neck)
Scrolls
 i - a scroll of blinking {unknown}


   Skills:
 - Level 3.2 Fighting
 - Level 3.2 Armour
 - Level 3.2 Shields
 + Level 3.5 Unarmed Combat


You had 2 spell levels left.
You didn't know any spells.
Your spell library was empty.

Dungeon Overview and Level Annotations

Branches:
Dungeon (2/15)

Altars:
Xom

Annotations:
D:2 Terence


Innate Abilities, Weirdness & Mutations

You are immune to sickness and miasma.
Your stone body is resilient. (AC +3)
You are immune to poison.
You resist negative energy. (rN+)
You are resistant to electric shocks. (rElec)
You are resistant to unholy torment.
You are immune to petrification.


Message History

You kill the bat!
You hit the endoplasm.
The endoplasm is severely wounded.
The endoplasm hits you but does no damage.
You hit the endoplasm.
You kill the endoplasm!
You see here a bat corpse.
You start resting.
HP restored.
You now have 51 gold pieces (gained 12).
Terence the Incautious comes into view.
He is wielding a +3 falchion of distortion.
Found a dagger.
Terence shouts!
You closely miss Terence. Terence hits you but does no damage.
You blink.
Found 11 gold pieces.
Okay, then.
Okay, then.
You feel very mighty all of a sudden.
You barely miss Terence.
Terence hits you with a +3 falchion of distortion.
Space warps horribly around you!
A shower of butterflies erupts from you!
You punch Terence!
Terence is severely wounded.
You closely miss Terence.
Terence is severely wounded.
Terence hits you with a +3 falchion of distortion.
* * * LOW HITPOINT WARNING * * *
Space warps around you.
* * * LOW HITPOINT WARNING * * *
You hit Terence.
Terence is severely wounded.
Terence barely misses you.
You closely miss Terence.
Terence is severely wounded.
Terence bares his teeth.
Terence hits you but does no damage. Space warps horribly around you!
Ouch! That really hurt!
You die...
Xom bursts into laughter!

#### #.. #.#
#######.#
$.......###.###
#.#######....b......
...).....@@..b......
#.#######.######.#.#
#.....# # ####.##
#######.#
###.....#.###.#.
.................
..#.###.#.###.#.#
#.......# ... #


You could see Terence (ally target).

Vanquished Creatures
  2 endoplasms (D:2)
  2 giant cockroaches (D:1)
  A goblin (D:1)
  6 hobgoblins
  5 kobolds
  A quokka (D:1)
  4 ball pythons (D:1)
  2 bats
  A frilled lizard (D:1)
  3 rats (D:1)
27 creatures vanquished.

Vanquished Creatures (others)
  A fungus (D:1)
  2 plants (D:1)
3 creatures vanquished.

Grand Total: 30 creatures vanquished

Notes
Turn   | Place    | Note
-------+----------+-------------------------------------------
     0 | D:1      | Legadrian the Gargoyle Fighter began the quest for the Orb.
     0 | D:1      | Reached XP level 1. HP: 14/14 MP: 1/1
   186 | D:1      | Reached XP level 2. HP: 19/19 MP: 2/2
   971 | D:1      | Found a faded altar of an unknown god.
   985 | D:1      | Prayed at the altar of an unknown god.
   985 | D:1      | Became a worshipper of Xom the Tricky
  1010 | D:2      | XOM: divination: detect items
  1015 | D:2      | XOM: silly message
  1139 | D:2      | Reached XP level 3. HP: 20/23 MP: 3/3
  1377 | D:2      | Noticed Terence
  1384 | D:2      | XOM: butterfly on damage
  1388 | D:2      | Mangled by Terence

Illustrated notes

Levels and vault maps discovered:
D:1:      dpeg_arrival_round_b, layout_loops_ring,
          shapermc_ecumenical_altar_petra, minmay_strange_pillars,
          hangedman_abyss_or_decor_stabs
D:2:      layout_basic, basic_altar, uniq_terence

Skill      XL: |  1  2 |
---------------+-------+-----
Unarmed Combat | 3 |  3.5
Fighting       | |  3.2
Armour         | |  3.2
Shields        | |  3.2

Action                   || total
-------------------------++-------
Melee: Unarmed           ||   155
  Use: Scroll            ||     2
       Potion            ||     1
Armor: Scale mail        ||    56
Dodge: Dodged            ||    63
Block: Buckler           ||    24
